 Dungeon Crawl Stone Soup version 0.31-a0-1178-gc5c9b8f871 (webtiles) character file.

Game seed: 8612402563210051393

10283 qw the Skirmisher (level 11, -10/69 HPs)
             Began as a Gargoyle Hunter on Dec 11, 2023.
             Was a High Priest of Okawaru.
             Mangled by a stone giant (13 damage)
             ... on level 10 of the Dungeon.
             The game lasted 00:03:14 (6155 turns).

qw the Skirmisher (Gargoyle Hunter)                 Turns: 6155, Time: 00:03:15

Health: -10/69     AC: 17    Str: 16    XL:     11   Next: 59%
Magic:  18/18      EV: 13    Int:  9    God:    Okawaru [*****.]
Gold:   269        SH:  0    Dex: 17    Spells: 10/10 levels left

rFire   . . .        k - +4 longbow (freeze)
rCold   . . .        (shield currently unavailable)
rNeg    + . .        c - +1 leather armour
rPois   inf          b - +0 helmet
rElec   +            (no cloak)
rCorr   .            (no gloves)
SInv    .            (no boots)
Will    .....        g - amulet of regeneration
Stlth   ++           i - +4 ring of protection
HPRegen 1.11/turn    (no ring)
MPRegen 0.16/turn

%: no passive effects
@: about to teleport
A: sickness immunity, AC +8, negative energy resistance 1, electricity
resistance, torment resistance 1, petrification resistance
a: Renounce Religion, Heroism, Finesse, Duel


You were on level 10 of the Dungeon.
You worshipped Okawaru.
Okawaru was extremely pleased with you.
You visited 1 branch of the dungeon, and saw 10 of its levels.

You collected 555 gold pieces.
You spent 286 gold pieces at shops.


Innate Abilities, Weirdness & Mutations

You are immune to sickness and miasma.
Your stone body is resilient. (AC +8)
You are immune to poison.
You resist negative energy. (rN+)
You are resistant to electric shocks. (rElec)
You are resistant to unholy torment.
You are immune to petrification.


   Skills:
 + Level 8.4 Fighting
 - Level 13.2 Ranged Weapons
 - Level 2.0 Armour
 - Level 4.0 Dodging
 - Level 1.1 Stealth
 - Level 10.0 Invocations


You had 10 spell levels left.
You didn't know any spells.
Your spell library was empty.

Inventory:

Hand Weapons
 k - a +4 longbow of freezing (weapon)
Armour
 b - a +0 helmet (worn)
 c - a +1 leather armour (worn)
Jewellery
 g - an amulet of regeneration (around neck)
 i - a +4 ring of protection (left hand)
Wands
 d - a wand of paralysis (7)
 r - a wand of digging (4)
Scrolls
 l - a scroll of teleportation
 n - a scroll of vulnerability {unknown}
Potions
 a - a potion of mutation
 e - a potion of might
 f - 6 potions of curing
 h - 2 potions of haste
 j - a potion of magic
 m - 2 potions of heal wounds
 o - a potion of resistance
 p - a potion of cancellation

Dungeon Overview and Level Annotations

Branches:
Dungeon (10/15)            Temple (0/1) D:5
   Lair: D:8-11         Orc: D:9-12

Altars:
Dithmenos
Okawaru

Shops:
D:2 [   D:5 *

Annotations:
D:9 1 runed translucent door, qw's ghost, journeyman GrHu


Message History

Enter note:
Enter note:
6146 ||| STILL RETREEAATING.
A stone giant comes into view.
Enter note:
Enter note:
6147 ||| Stepping ~*~*~tactically~*~*~ (retreating).
Enter note:
Enter note: You shoot an arrow.
The arrow hits the stone giant.
The arrow freezes the stone giant.
The stone giant is lightly wounded.
You shoot an arrow. The arrow hits the stone giant!
The arrow freezes the stone giant.
The stone giant is moderately wounded.
The stone giant throws a large rock.
The large rock barely misses you.
You shoot an arrow. The arrow hits the stone giant!
The arrow freezes the stone giant.
The stone giant is moderately wounded.
You shoot an arrow.
The arrow completely misses the stone giant.
You shoot an arrow. The arrow hits the stone giant!
The arrow freezes the stone giant.
The stone giant is heavily wounded.
The stone giant throws a large rock.
The large rock hits you!!!
Ouch! That really hurt!
The yak bellows!
You hear a bellow!
You shoot an arrow.
The arrow hits the stone giant but does no damage.
The stone giant is heavily wounded.
You shoot an arrow. The arrow hits the stone giant.
The arrow freezes the stone giant.
The stone giant is heavily wounded.
The stone giant hits you!!
A yak comes into view.
6155 ||| READING 2 scrolls of teleportation.
As you read the scroll of teleportation, it crumbles to dust.
You feel strangely unstable. The stone giant hits you!
You die...

.Y #.#... ##.##.#.......###
.Y.#.#..## #. ###.#####.#
.Y.#.#.... . ##...## #.###
#..Y.....# ##..#..###.).#
#....Y...# ##.......####.#
#........# ##.#.#.#.#.###%#
#.>......###...........##.#
#...##...#.}:}.#...#)#
#..YC@.#...}./...#...#
#...##...#.})}.#...###
#...###...........## .....#
##.#.#.#.#.## #...#..
##.......## #...###
##..#..## #..> ##...## ####
##.## ..#


You could see a stone giant and 3 yaks.

Vanquished Creatures
  A boulder beetle (D:10)
  2 two-headed ogres
  A cyclops (D:10)
  A gargoyle (D:10)
  2 trolls (D:9)
  Grinder (D:4)
  2 hornets (D:9)
  A wyvern (D:8)
  12 yaks
  A vampire (D:8)
  3 basilisks (D:10)
  3 vampire mosquitoes (D:8)
  A steam dragon (D:9)
  Menkaure (D:7)
  Grum (D:9)
  A water moccasin (D:8)
  A black bear (D:6)
  An ice beast (D:6)
  A sky beast (D:7)
  An orc warrior (D:6)
  3 ogres
  5 centaurs
  3 wolves (D:9)
  2 phantoms
  3 bullfrogs
  3 scorpions (D:5)
  13 wights
  2 electric eels (D:8)
  6 howler monkeys
  A hound (D:5)
  A gnoll bouda (D:7)
  3 orc priests
  A jelly (D:6)
  2 sleepcaps
  6 iguanas
  5 orc wizards
  5 gnolls
  3 river rats (D:5)
  12 adders
  2 white imps (D:7)
  2 ufetubi (D:7)
  4 worms
  3 dart slugs
  28 orcs
  7 endoplasms
  2 giant cockroaches
  7 goblins
  7 hobgoblins
  2 jackals (D:1)
  8 quokkas
  5 ball pythons
  4 bats
  A frilled lizard (D:3)
  6 kobolds
  3 rats
208 creatures vanquished.

Notes
Turn   | Place    | Note
-------+----------+-------------------------------------------
     0 | D:1      | qw the Gargoyle Hunter began the quest for the Orb.
     0 | D:1      | Reached XP level 1. HP: 12/12 MP: 1/1
     0 | D:1      | 0 ||| qw: Version: 0.3-a-106-g2cfff9e
     0 | D:1      | 0 ||| qw: Game counter: 2009
     0 | D:1      | 0 ||| qw: Melee chars always use a shield: true
     0 | D:1      | 0 ||| qw: God list: Okawaru
     0 | D:1      | 0 ||| qw: Allow faded altars: false
     0 | D:1      | 0 ||| qw: Do Orc after clearing Dungeon:15 true
     0 | D:1      | 0 ||| qw: Do second Lair branch before Depths: true
     0 | D:1      | 0 ||| qw: Lair rune preference: random
     0 | D:1      | 0 ||| qw: Goals: Normal, Save, Zot:1-4, Win
     0 | D:1      | 0 ||| PLANNING D:1-11
   166 | D:1      | Reached XP level 2. HP: 17/17 MP: 2/2
   299 | D:1      | Found a faded altar of an unknown god.
   665 | D:1      | 665 ||| UPGRADING to amulet of guardian spirit.
   670 | D:1      | 670 ||| READING scroll labelled VUXKOSKU VUUJ.
   670 | D:1      | 670 ||| ENCHANTING +0 leather armour.
   671 | D:1      | 671 ||| READING 2 scrolls labelled ZAHALI ZONASCH.
   672 | D:1      | 672 ||| READING scroll labelled ZIMULEKLAM.
   672 | D:1      | 672 ||| ENCHANTING +0 shortbow.
   673 | D:1      | 673 ||| READING 2 scrolls labelled POROC AXTI.
   673 | D:1      | 673 ||| IDENTIFYING viscous dark potion
   674 | D:1      | 674 ||| READING scroll of identify.
   674 | D:1      | 674 ||| IDENTIFYING yellow potion
   675 | D:1      | 675 ||| READING scroll labelled UTZYRGH ZYTE.
   676 | D:1      | 676 ||| DROPPING scroll of butterflies.
   677 | D:1      | 677 ||| DROPPING scroll of poison.
   729 | D:2      | Found Ymops's Armour Shoppe.
   739 | D:2      | 739 ||| BUYING +0 helmet (49 gold).
   739 | D:2      | Bought a +0 helmet for 49 gold pieces
   739 | D:2      | 739 ||| SHOPLISTING +0 helmet of see invisible (126 gold,
                  | have 35).
   739 | D:2      | 739 ||| SHOPLISTING +0 pair of gloves (49 gold, have 35).
   763 | D:2      | Reached skill level 5 in Ranged Weapons
   763 | D:2      | Reached XP level 3. HP: 21/21 MP: 3/3
   888 | D:2      | Found an iron altar of Okawaru.
   889 | D:2      | 889 ||| PLANNING OKAWARU WORSHIP
   889 | D:2      | 889 ||| UPGRADING to +0 helmet.
   909 | D:2      | Became a worshipper of Warmaster Okawaru
   910 | D:2      | 910 ||| PLANNING D:1-11
   910 | D:2      | 910 ||| REMOVING amulet of guardian spirit.
  1337 | D:2      | Reached skill level 3 in Fighting
  1417 | D:2      | 1417 ||| SWAPPING to +1 longbow of freezing.
  1418 | D:2      | 1418 ||| DROPPING +1 shortbow.
  1444 | D:2      | 1444 ||| DROPPING amulet of guardian spirit.
  1445 | D:2      | 1445 ||| READING 2 scrolls of identify.
  1445 | D:2      | 1445 ||| IDENTIFYING fizzy grey potion
  1446 | D:2      | 1446 ||| READING scroll of identify.
  1446 | D:2      | 1446 ||| IDENTIFYING blue potion
  1447 | D:2      | 1447 ||| DROPPING potion of brilliance.
  1475 | D:3      | 1475 ||| STAIRDANCE
  1483 | D:3      | 1483 ||| STAIRDANCE
  1489 | D:3      | Reached XP level 4. HP: 28/28 MP: 4/4
  1653 | D:3      | Noticed an ogre
  1655 | D:3      | Killed an ogre
  1655 | D:3      | Reached * piety under Okawaru
  1656 | D:3      | Reached skill level 6 in Ranged Weapons
  1656 | D:3      | Reached XP level 5. HP: 32/32 MP: 5/5
  1919 | D:3      | 1919 ||| READING scroll of identify.
  1919 | D:3      | 1919 ||| IDENTIFYING fuming emerald potion
  1920 | D:3      | 1920 ||| READING scroll labelled PUMEUPE SAGA.
  1921 | D:3      | 1921 ||| READING scroll labelled IRAPLIU TITHRI.
  1922 | D:3      | 1922 ||| DROPPING potion of degeneration.
  1931 | D:4      | 1931 ||| STAIRDANCE
  1963 | D:4      | Noticed Grinder
  1965 | D:4      | Paralysed by Grinder for 4 turns
  1972 | D:4      | Noticed an ogre
  1977 | D:4      | Killed an ogre
  1978 | D:4      | Reached XP level 6. HP: 33/37 MP: 5/7
  1978 | D:4      | Paralysed by Grinder for 2 turns
  1983 | D:4      | Killed Grinder
  1984 | D:4      | Reached skill level 3 in Invocations
  1984 | D:4      | Reached XP level 7. HP: 41/43 MP: 5/9
  2269 | D:4      | 2269 ||| READING scroll of enchant weapon.
  2269 | D:4      | 2269 ||| ENCHANTING +1 longbow of freezing.
  2392 | D:4      | 2392 ||| READING scroll of enchant weapon.
  2392 | D:4      | 2392 ||| ENCHANTING +2 longbow of freezing.
  2413 | D:4      | 2413 ||| UPGRADING to amulet of regeneration.
  2418 | D:4      | 2418 ||| READING scroll labelled SUWKIFR KIDDYS.
  2433 | D:5      | Entered Level 5 of the Dungeon
  2434 | D:5      | 2434 ||| PLANNING SEWER
  2459 | D:5      | Reached ** piety under Okawaru
  2537 | D:5      | Found Vaomacze's Assorted Antiques.
  2544 | D:5      | 2544 ||| BUYING large jade ring (120 gold).
  2544 | D:5      | Bought a large jade ring for 120 gold pieces
  2544 | D:5      | 2544 ||| BUYING orange potion (21 gold).
  2544 | D:5      | Bought an orange potion for 21 gold pieces
  2544 | D:5      | 2544 ||| SHOPLISTING pair of runed gloves (180 gold, have
                  | 116).
  2544 | D:5      | 2544 ||| BUYING potion of curing (72 gold).
  2544 | D:5      | Bought a potion of curing for 72 gold pieces
  2544 | D:5      | 2544 ||| BUYING scroll labelled JAACAA PUITE (24 gold).
  2544 | D:5      | Bought a scroll labelled JAACAA PUITE for 24 gold pieces
  2544 | D:5      | 2544 ||| SHOPLISTING scroll of identify (48 gold, have 20).
  2544 | D:5      | 2544 ||| SHOPLISTING scroll of teleportation (72 gold, have
                  | 20).
  2608 | D:5      | Reached skill level 7 in Ranged Weapons
  2638 | D:5      | Found a staircase to the Ecumenical Temple.
  2785 | D:5      | Reached XP level 8. HP: 48/48 MP: 11/11
  2848 | D:5      | Reached skill level 8 in Ranged Weapons
  2945 | D:5      | 2945 ||| READING scroll of enchant weapon.
  2945 | D:5      | 2945 ||| ENCHANTING +3 longbow of freezing.
  3016 | D:5      | 3016 ||| RIP SEWER
  3024 | D:5      | 3024 ||| PLANNING D:1-11
  3030 | D:5      | 3030 ||| DROPPING ring of magical power.
  3031 | D:5      | 3031 ||| UPGRADING to +4 ring of protection.
  3032 | D:5      | 3032 ||| READING scroll labelled JAACAA PUITE.
  3212 | D:6      | 3212 ||| STAIRDANCE
  3599 | D:6      | Reached skill level 9 in Ranged Weapons
  3670 | D:6      | Reached *** piety under Okawaru
  3671 | D:6      | Reached skill level 6 in Fighting
  3896 | D:6      | 3896 ||| READING 3 scrolls of identify.
  3896 | D:6      | 3896 ||| IDENTIFYING bubbling red potion
  3897 | D:6      | 3897 ||| READING 2 scrolls of identify.
  3897 | D:6      | 3897 ||| IDENTIFYING orange potion
  3898 | D:6      | 3898 ||| READING scroll of identify.
  3898 | D:6      | 3898 ||| IDENTIFYING fizzy golden potion
  3899 | D:6      | 3899 ||| READING scroll labelled TASO RANIANWI.
  3900 | D:6      | 3900 ||| DRINKING 2 golden potions.
  3901 | D:6      | 3901 ||| DROPPING potion of lignification.
  3931 | D:7      | 3931 ||| STAIRDANCE
  3937 | D:6      | 3937 ||| DRINKING 3 potions of curing.
  3937 | D:6      | 3937 ||| (to cure confusion)
  3950 | D:7      | 3950 ||| STAIRDANCE
  3958 | D:7      | 3958 ||| STAIRDANCE
  3964 | D:6      | Reached XP level 9. HP: 55/55 MP: 12/12
  3969 | D:7      | 3969 ||| STAIRDANCE
  3979 | D:7      | 3979 ||| STAIRDANCE
  3998 | D:7      | 3998 ||| STAIRDANCE
  4021 | D:7      | 4021 ||| STAIRDANCE
  4034 | D:7      | 4034 ||| STAIRDANCE
  4072 | D:7      | Reached skill level 10 in Ranged Weapons
  4108 | D:7      | Found a flagged portal.
  4146 | D:7      | Noticed Menkaure
  4148 | D:7      | Killed Menkaure
  4149 | D:7      | Reached skill level 3 in Dodging
  4684 | D:8      | 4684 ||| STAIRDANCE
  4762 | D:8      | Reached **** piety under Okawaru
  4845 | D:8      | 4845 ||| FLEEEEING.
  4846 | D:8      | 4846 ||| FLEEEEING.
  4847 | D:8      | 4847 ||| FLEEEEING.
  4848 | D:8      | 4848 ||| FLEEEEING.
  4849 | D:8      | 4849 ||| FLEEEEING.
  4850 | D:8      | 4850 ||| FLEEEEING.
  4851 | D:8      | 4851 ||| FLEEEEING.
  4859 | D:8      | Reached skill level 11 in Ranged Weapons
  4972 | D:8      | Reached XP level 10. HP: 63/63 MP: 14/14
  4981 | D:8      | Reached skill level 6 in Invocations
  5060 | D:8      | 5060 ||| RETREEAATING.
  5062 | D:8      | 5062 ||| Stepping ~*~*~tactically~*~*~ (retreating).
  5071 | D:8      | Reached ***** piety under Okawaru
  5238 | D:8      | 5238 ||| STAIRDANCE
  5244 | D:7      | 5244 ||| READING 2 scrolls of identify.
  5244 | D:7      | 5244 ||| IDENTIFYING lumpy dark potion
  5245 | D:7      | 5245 ||| READING scroll of identify.
  5245 | D:7      | 5245 ||| IDENTIFYING emerald potion
  5246 | D:7      | 5246 ||| DRINKING 2 glowing clear potions.
  5247 | D:7      | 5247 ||| DROPPING potion of attraction.
  5468 | D:9      | Noticed a two-headed ogre
  5471 | D:9      | 5471 ||| STAIRDANCE
  5476 | D:8      | Killed a two-headed ogre
  5503 | D:9      | Noticed qw's ghost (journeyman GrHu)
  5520 | D:9      | Found a runed translucent door.
  5535 | D:9      | Identified the +2 trident of Popular Demand {vamp, Will+
                  | rCorr}
  5538 | D:9      | Noticed Grum
  5540 | D:9      | 5540 ||| Stepping ~*~*~tactically~*~*~ (retreating).
  5541 | D:9      | 5541 ||| RETREEAATING.
  5542 | D:9      | 5542 ||| Stepping ~*~*~tactically~*~*~ (retreating).
  5547 | D:9      | 5547 ||| Stepping ~*~*~tactically~*~*~ (retreating).
  5549 | D:9      | 5549 ||| Stepping ~*~*~tactically~*~*~ (retreating).
  5562 | D:9      | Killed Grum
  5571 | D:9      | Received a gift from Okawaru
  5660 | D:9      | 5660 ||| Stepping ~*~*~tactically~*~*~ (retreating).
  5661 | D:9      | 5661 ||| Stepping ~*~*~tactically~*~*~ (retreating).
  5662 | D:9      | 5662 ||| RETREEAATING.
  5663 | D:9      | 5663 ||| FLEEEEING.
  5664 | D:9      | 5664 ||| FLEEEEING.
  5670 | D:9      | 5670 ||| INVOKING Finesse.
  5671 | D:9      | 5671 ||| INVOKING Finesse.
  5677 | D:9      | Reached skill level 12 in Ranged Weapons
  5687 | D:9      | Reached skill level 9 in Invocations
  5687 | D:9      | Reached XP level 11. HP: 68/68 MP: 12/17
  5863 | D:10     | Entered Level 10 of the Dungeon
  5877 | D:10     | Noticed a cyclops
  5878 | D:10     | 5878 ||| Stepping ~*~*~tactically~*~*~ (retreating).
  5879 | D:10     | 5879 ||| Stepping ~*~*~tactically~*~*~ (retreating).
  5880 | D:10     | 5880 ||| Stepping ~*~*~tactically~*~*~ (retreating).
  5881 | D:10     | 5881 ||| Stepping ~*~*~tactically~*~*~ (retreating).
  5883 | D:10     | 5883 ||| Stepping ~*~*~tactically~*~*~ (retreating).
  5884 | D:10     | 5884 ||| Stepping ~*~*~tactically~*~*~ (retreating).
  5885 | D:10     | 5885 ||| FLEEEEING.
  5888 | D:10     | Killed a cyclops
  5889 | D:10     | 5889 ||| FLEEEEING.
  5890 | D:10     | 5890 ||| FLEEEEING.
  5891 | D:10     | 5891 ||| FLEEEEING.
  5892 | D:10     | 5892 ||| FLEEEEING.
  5893 | D:10     | 5893 ||| STAIRDANCE
  5901 | D:10     | 5901 ||| STAIRDANCE
  5910 | D:10     | 5910 ||| STAIRDANCE
  5915 | D:9      | Received a gift from Okawaru
  5933 | D:10     | 5933 ||| STAIRDANCE
  5990 | D:10     | Found a shadowy altar of Dithmenos.
  6063 | D:10     | Noticed a two-headed ogre
  6063 | D:10     | Noticed a boulder beetle
  6064 | D:10     | 6064 ||| RETREEAATING.
  6066 | D:10     | 6066 ||| RETREEAATING.
  6070 | D:10     | 6070 ||| STILL RETREEAATING.
  6074 | D:10     | Killed a two-headed ogre
  6077 | D:10     | 6077 ||| Stepping ~*~*~tactically~*~*~ (retreating).
  6079 | D:10     | 6079 ||| Stepping ~*~*~tactically~*~*~ (retreating).
  6093 | D:10     | Killed a boulder beetle
  6094 | D:10     | Reached skill level 13 in Ranged Weapons
  6130 | D:10     | Found the +10 dark maul {heavy}
  6145 | D:10     | 6145 ||| RETREEAATING.
  6146 | D:10     | 6146 ||| STILL RETREEAATING.
  6146 | D:10     | Noticed a stone giant
  6147 | D:10     | 6147 ||| Stepping ~*~*~tactically~*~*~ (retreating).
  6154 | D:10     | HP: 1/69 [stone giant (23)]
  6155 | D:10     | 6155 ||| READING 2 scrolls of teleportation.
  6155 | D:10     | Mangled by a stone giant

Levels and vault maps discovered:
D:1:      lemuel_arrival_lava_pool, layout_loops_ring,
          ebering_ecumenical_altar_rust
D:2:      layout_basic, serial_shops, shop, basic_altar
D:3:      layout_rooms, minmay_misc_feat_alley,
          amcnicky_mini_rare_corridor_liquid
D:4:      minmay_angry_zag, layout_cave_pools, uniq_grinder
D:5:      layout_cave_pools, minmay_temple_entry_antechambers,
          gup_sewer_entry_spiral, serial_shops, shop, minmay_manual_monstrance
D:6:      layout_loops_ring
D:7:      layout_basic, enter_bailey_5, grunt_ministairs_12, uniq_menkaure
D:8:      statuecave_lemuel, layout_loops_ring
D:9:      layout_rooms, hellmonk_ghost_big_iron, uniq_grum
D:10:     minmay_roctagon, layout_basic, mainiacjoe_overflow_brackets,
          serial_shops, shop

Skill      XL: |  1  2  3  4  5  6  7  8  9 10 11 |
---------------+----------------------------------+-----
Ranged Weapons | 5 6 7 9 11 12 13 | 13.2
Fighting       | 3 4 6 7 8 |  8.4
Armour         | 2 |  2.0
Invocations    | 2 3 4 5 9 10 | 10.0
Dodging        | 2 3 4 |  4.0
Stealth        | |  1.1

Action                     |  1- 3 |  4- 6 |  7- 9 | 10-12 || total
---------------------------+-------+-------+-------+-------++-------
   Fire: Shortbow          |    83 |       |       |       ||    83
         Longbow           |    11 |    55 |   314 |   190 ||   570
 Invoke: Finesse           |       |       |       |     1 ||     1
    Use: Scroll            |     8 |     3 |     9 |     3 ||    23
         Potion            |       |       |     2 |     1 ||     3
 Armour: Leather armour    |    24 |    11 |   135 |    93 ||   263
  Dodge: Dodged            |    17 |    10 |   125 |    73 ||   225

Table legend:
 A = Non-vault XP
 B = Vault XP
 C = Vault XP percentage of total XP
 D = Non-vault monster count
 E = Vault monster count
 F = Vault count percentage of total count
                 A         B        C        D         E       F
            +---------+---------+-------+---------+---------+-------
      Total |   10340 |    4350 |  29.6 |     165 |      43 |  20.7
            +---------+---------+-------+---------+---------+-------
        D:1 |      21 |       0 |   0.0 |      13 |       0 |   0.0
        D:2 |      58 |       0 |   0.0 |      15 |       0 |   0.0
        D:3 |     183 |       0 |   0.0 |      19 |       0 |   0.0
        D:4 |     151 |     334 |  68.9 |      12 |       7 |  36.8
        D:5 |     561 |     199 |  26.2 |      15 |      12 |  44.4
        D:6 |     743 |     187 |  20.1 |      16 |       6 |  27.3
        D:7 |     723 |     403 |  35.8 |      21 |       8 |  27.6
        D:8 |    3079 |       0 |   0.0 |      30 |       0 |   0.0
        D:9 |    3822 |     529 |  12.2 |      20 |       4 |  16.7
       D:10 |     999 |    2698 |  73.0 |       4 |       6 |  60.0
            +---------+---------+-------+---------+---------+-------
